 Dungeon Crawl Stone Soup version 0.29.1-2-gbd0b4ee654 (webtiles) character file.

Game seed: 3817478817189303136

1328 Godmorgon the Cudgeller (level 8, -1/63 HPs)
             Began as a Formicid Abyssal Knight on Oct 26, 2022.
             Was a Priest of Lugonu.
             Slain by Prince Ribbit (10 damage)
             ... on level 7 of the Dungeon on Oct 27, 2022.
             The game lasted 00:24:46 (6810 turns).

Godmorgon the Cudgeller (Formicid Abyssal Knight)   Turns: 6810, Time: 00:24:46

Health: -1/63      AC:  8    Str: 21    XL:     8   Next: 91%
Magic:  7/11       EV: 10    Int:  9    God:    Lugonu [***...]
Gold:   327        SH:  0    Dex: 14    Spells: 7/7 levels left

rFire   + . .      SeeInvis +   a - +0 flail
rCold   . . .      Faith    .   (no shield)
rNeg    . . .      Spirit   .   g - +0 scale mail
rPois   .          Reflect  .   (helmet unavailable)
rElec   .          Harm     +   f - scarf {harm}
rCorr   .          Rampage  .   z - +0 pair of gloves
Will    .....                   u - +0 pair of boots
Stlth   ..........              (no amulet)
HPRegen 0.20/turn               D - ring of protection from fire
MPRegen 0.12/turn               o - ring of flight

@: flying
A: permanent stasis, dig shafts and tunnels, antennae 3, four strong arms
a: Dig, Shaft Self, Renounce Religion, Depart the Abyss, Bend Space, Banish


You were on level 7 of the Dungeon.
You worshipped Lugonu.
Lugonu was most pleased with you.
You visited 1 branch of the dungeon, and saw 7 of its levels.
You visited the Abyss 1 time.

You collected 327 gold pieces.

Inventory:

Hand Weapons
 a - a +0 flail (weapon)
 b - a +0 sling
 c - a +1 antimagic dagger
Missiles
 i - 17 poisoned darts (quivered)
Armour
 f - a scarf of harm (worn)
 g - a +0 scale mail (worn)
 u - a +0 pair of boots (worn)
 z - a +0 pair of gloves (worn)
Magical Staves
 x - a staff of cold
Jewellery
 m - a ring of positive energy
 o - a ring of flight (right hand)
 D - a ring of protection from fire (left hand)
Wands
 s - a wand of polymorph (5)
 B - a wand of roots (17)
 E - a wand of paralysis (7)
Scrolls
 d - 4 scrolls of identify {unknown}
 e - 2 scrolls of blinking {unknown}
 n - 2 scrolls of teleportation {unknown}
 p - a scroll of summoning {unknown}
 q - a scroll of brand weapon {unknown}
 t - 2 scrolls of poison {unknown}
 v - a scroll of fear {unknown}
 w - 2 scrolls of noise {unknown}
 y - a scroll of enchant weapon {unknown}
 F - a scroll of silence {unknown}
Potions
 h - 2 potions of brilliance {unknown}
 j - 2 potions of haste {unknown}
 k - 3 potions of magic {unknown}
 l - 2 potions of curing
 r - 2 potions of degeneration {unknown}
 A - a potion of resistance {unknown}
 C - 3 potions of heal wounds {unknown}


   Skills:
 + Level 5.6 Fighting
 * Level 6.1 Maces & Flails
 * Level 5.7 Throwing
 - Level 2.1 Armour
 - Level 0.8 Dodging
 + Level 5.3 Invocations


You had 7 spell levels left.
You didn't know any spells.
Your spell library was empty.

Dungeon Overview and Level Annotations

Branches:
Dungeon (7/15)             Temple (0/1) D:5

Altars:
Ashenzari
Fedhas
Vehumet

Shops:
D:1 =   D:3 =   D:4 !

Annotations:
D:7 Prince Ribbit


Innate Abilities, Weirdness & Mutations

You cannot be hasted, slowed, berserked, paralysed or teleported.
You can dig through walls and to a lower floor.
You have a pair of large antennae on your head. (SInv)
Your four strong arms can wield two-handed weapons with a shield.


Message History

There is a stone staircase leading up here.
Found 12 gold pieces.
You now have 327 gold pieces (gained 12).
Prince Ribbit comes into view.
Throw: 19 darts (poison)
Press: ? - help, Q - select action, (/) - cycle Shift-Dir - straight line, f - Prince Ribbit
Aim: Prince Ribbit (43% to hit)
You throw a poisoned dart.
The poisoned dart barely misses Prince Ribbit.
Throw: 18 darts (poison)
Press: ? - help, Q - select action, (/) - cycle Shift-Dir - straight line, f/p - Prince Ribbit
Aim: Prince Ribbit (43% to hit)
You throw a poisoned dart. The poisoned dart misses Prince Ribbit.
You hit Prince Ribbit.
Prince Ribbit is lightly wounded.
Prince Ribbit closely misses you. Prince Ribbit hits you!
You closely miss Prince Ribbit.
Prince Ribbit is lightly wounded.
Prince Ribbit misses you.
You closely miss Prince Ribbit.
Prince Ribbit is lightly wounded.
Prince Ribbit closely misses you. Prince Ribbit hits you.
You sock Prince Ribbit!
Prince Ribbit is moderately wounded.
Prince Ribbit hits you!
You sock Prince Ribbit!
Prince Ribbit is severely wounded.
Prince Ribbit hits you! x2
* * * LOW HITPOINT WARNING * * *
You don't know any spells.
Unknown command.
Press: ? - help, Shift-Dir - straight line, f/p - Prince Ribbit
Aim: Prince Ribbit (heavily wounded, chance to affect: 69%)
You fail to use your ability.
Prince Ribbit hits you.
* * * LOW HITPOINT WARNING * * *
Okay, then.
Press: ? - help, Shift-Dir - straight line, f/p - Prince Ribbit
Aim: Prince Ribbit (heavily wounded, chance to affect: 69%) Prince Ribbit struggles to resist.
Prince Ribbit hits you!
You die...

#.#.##.....###.....#
#...#......#.......#
#....##..#..##...#
#....#......#.....
#.......##.....#<#
##......#......#.#
##........##..#..
...######.###....#...###
....((F@..# ####...#.#
...######## #...#..
########


You could see Prince Ribbit.

Vanquished Creatures
  Grinder (D:3)
  Eustachio (D:5)
  2 ice beasts
  A black bear (D:5)
  2 sky beasts
  A phantom (D:3)
  A necrophage (D:5)
  A scorpion (D:6)
  4 hounds
  An orc wizard (D:4)
  4 gnolls (D:5)
  6 adders
  A shadow imp (D:6)
  A white imp (D:6)
  2 worms
  4 dart slugs
  7 orcs
  7 bats
  5 endoplasms
  6 giant cockroaches
  6 hobgoblins
  2 quokkas
  2 ball pythons
  4 frilled lizards (D:6)
  9 goblins
  6 kobolds
  2 rats
89 creatures vanquished.

Vanquished Creatures (others)
  13 fungi (D:6)
13 creatures vanquished.

Grand Total: 102 creatures vanquished

Notes
Turn   | Place    | Note
-------+----------+-------------------------------------------
     0 | Abyss:1  | Godmorgon the Formicid Abyssal Knight began the quest for
                  | the Orb.
     0 | Abyss:1  | Reached XP level 1. HP: 18/18 MP: 2/2
     1 | D:1      | Escaped the Abyss
   229 | D:1      | Reached XP level 2. HP: 24/24 MP: 3/3
   552 | D:1      | Found Wiobronn's One-of-a-Kind Rings.
   742 | D:2      | Reached skill level 1 in Throwing
   834 | D:2      | Reached XP level 3. HP: 25/29 MP: 4/4
  1572 | D:3      | Reached XP level 4. HP: 35/36 MP: 6/6
  1694 | D:3      | Noticed Grinder
  1723 | D:3      | Killed Grinder
  1724 | D:3      | Reached skill level 3 in Maces & Flails
  1724 | D:3      | Reached XP level 5. HP: 9/42 MP: 7/7
  1724 | D:3      | Reached XP level 6. HP: 10/48 MP: 8/8
  2042 | D:3      | Found a faded altar of an unknown god.
  2139 | D:3      | Found Bylus's Jewellery Shop.
  2331 | D:4      | Found Dicvigo's Distillery.
  2356 | D:3      | Reached skill level 4 in Maces & Flails
  2608 | D:4      | You are sucked into a shaft and drop 2 floors!
  2614 | D:6      | Noticed a sky beast
  2643 | D:6      | Killed a sky beast
  2644 | D:6      | Reached XP level 7. HP: 43/55 MP: 9/9
  3245 | D:6      | Found a radiant altar of Vehumet.
  3413 | D:5      | Entered Level 5 of the Dungeon
  3427 | D:5      | Found a blossoming altar of Fedhas.
  3521 | D:5      | Reached skill level 5 in Maces & Flails
  3653 | D:5      | Reached *** piety under Lugonu
  3654 | D:5      | Reached XP level 8. HP: 28/61 MP: 11/11
  3831 | D:5      | Reached skill level 5 in Fighting
  4191 | D:4      | Noticed Eustachio
  4214 | D:5      | Killed Eustachio
  4215 | D:5      | Reached skill level 5 in Throwing
  4647 | D:4      | Found a broken altar of Ashenzari.
  4824 | D:5      | Found a staircase to the Ecumenical Temple.
  5123 | D:5      | Reached skill level 5 in Invocations
  6117 | D:7      | Reached skill level 6 in Maces & Flails
  6209 | D:7      | HP: 1/63 [ice beast (10)]
  6800 | D:7      | Noticed Prince Ribbit
  6810 | D:7      | Slain by Prince Ribbit

Illustrated notes

Levels and vault maps discovered:
D:1:      heliophobic_arrival_ceremonial_halls, layout_loops_ring,
          nicolae_shop_unique_rings
D:2:      layout_loops_ring
D:3:      layout_loops_ring, serial_shops, nicolae_shop_crystal,
          shapermc_ecumenical_altar_venn, uniq_grinder
D:4:      layout_cave_pools, old_standard_altar, serial_shops, shop,
          dk_noncrumbling_4, uniq_eustachio
D:5:      layout_loops_ring, mainiacjoe_overflow_surrounded_room,
          minmay_temple_entry_crystal_x
D:6:      layout_basic, fiery_altar_vehumet, serial_aquarium,
          aquarium_bridge_square [aquarium_subvault_bridge,
          aquarium_subvault_bridge, aquarium_subvault_bridge,
          aquarium_subvault_bridge], aquarium_window_1, aquarium_window_fake,
          aquarium_window_1, aquarium_window_1, aquarium_view_2d,
          aquarium_balcony_double_2, aquarium_pool_2, minmay_misc_feat_square,
          nicolae_sextant
D:7:      cheibrodos_barr_body, layout_loops_corners, kennysheep_cross_room,
          reono_crystal_passage, hangedman_decor_points,
          chequers_decorated_corner, uniq_prince_ribbit1

Skill      XL: |  1  2  3  4  5  6  7  8 |
---------------+-------------------------+-----
Throwing       | 1 3 4 5 |  5.7
Fighting       | 4 5 |  5.6
Maces & Flails | 3 4 5 6 |  6.1
Invocations    | 3 4 5 |  5.3
Armour         | |  2.1
Dodging        | |  0.8

Action                   |  1- 3 |  4- 6 |  7- 9 || total
-------------------------+-------+-------+-------++-------
Melee: Mace              |    63 |    57 |    89 ||   209
       Flail             |       |       |   137 ||   137
       Punch             |       |       |     3 ||     3
 Fire: Sling             |    15 |       |     2 ||    17
Throw: Dart              |       |    11 |    17 ||    28
Invok: Banish            |       |       |     1 ||     1
 Abil: Dig               |       |       |     1 ||     1
Evoke: Wand              |       |       |     3 ||     3
  Use: Potion            |       |     1 |     2 ||     3
Armor: Scale mail        |    22 |    20 |   114 ||   156
       Leather armour    |     1 |       |       ||     1
Dodge: Dodged            |    31 |    17 |   142 ||   190
